2324 views
Uploaded 2021-07-31 10:37:47
Game version 1.32.10
17:24 long 1on1 ladder game on (2)SwampedTemple
Saved by aom
2324 views
Uploaded 2021-07-31 10:37:47
Game version 1.32.10
17:24 long 1on1 ladder game on (2)SwampedTemple

30 units @ 4.4k
/ 0.4k
25 buildings @ 2.4k
/ 0.9k


| Scroll of Regeneration | 2 | 200 |
| Scroll of Town Portal | 1 | 350 |
| total: | 3 | 550g |
| Peasant | 10 | 750 | / | 0 |
| Footman | 4 | 540 | / | 0 |
| Rifleman | 13 | 2665 | / | 390 |
| Priest | 3 | 405 | / | 30 |
| total: | 30 | 4360g | / | 420w |
| Scout Tower | 8 | 240 | / | 160 |
| Guard Tower | 7 | 490 | / | 350 |
| Altar of Kings | 1 | 180 | / | 50 |
| Farm | 9 | 720 | / | 180 |
| Barracks | 1 | 160 | / | 60 |
| Blacksmith | 1 | 140 | / | 60 |
| Lumber Mill | 1 | 120 | / | 0 |
| Arcane Vault | 2 | 260 | / | 60 |
| Town Hall | 1 | 385 | / | 205 |
| Arcane Sanctum | 1 | 150 | / | 140 |
| Keep | 1 | 320 | / | 210 |
| total: | 25 | 2355g | / | 915w |
| 0:03 | Peasant |
| 0:03 | Peasant |
| 0:03 | Peasant |
| 0:03 | Peasant |
| 0:08 | Altar of Kings |
| 0:15 | Farm |
| 0:43 | Peasant |
| 0:54 | Farm |
| 1:02 | Peasant |
| 1:10 | Barracks |
| 1:24 | Peasant |
| 1:34 | Farm |
| 1:39 | Peasant |
| 1:54 | Blacksmith |
| 1:56 | Peasant |
| 2:11 | Divine Shield |
| 2:14 | Farm |
| 2:16 | Footman |
| 2:25 | Peasant |
| 2:34 | Footman |
| 2:48 | Lumber Mill |
| 2:56 | Farm |
| 3:17 | Black Gunpowder |
| 3:26 | Rifleman |
| 3:41 | Arcane Vault |
| 3:59 | Rifleman |
| 4:08 | Studded Leather Armor |
| 4:16 | Farm |
| 4:39 | Rifleman |
| 4:55 | Holy Light |
| 5:03 | Scroll of Regeneration |
| 5:05 | Rifleman |
| 5:15 | Farm |
| 5:22 | Improved Lumber Harvesting |
| 6:04 | Rifleman |
| 6:25 | Scout Tower |
| 6:34 | Rifleman |
| 6:36 | Keep |
| 6:52 | Farm |
| 6:56 | Guard Tower |
| 7:06 | Arcane Vault |
| 7:23 | Rifleman |
| 7:35 | Improved Masonry |
| 7:35 | Advanced Masonry |
| 7:59 | Divine Shield |
| 8:10 | Rifleman |
| 8:40 | Scroll of Regeneration |
| 9:14 | Long Rifles |
| 9:16 | Refined Gunpowder |
| 9:23 | Holy Light |
| 9:34 | Rifleman |
| 9:43 | Arcane Sanctum |
| 10:18 | Rifleman |
| 10:24 | Farm |
| 10:31 | Storm Bolt |
| 10:50 | Reinforced Leather Armor |
| 10:52 | Imbued Masonry |
| 11:07 | Scout Tower |
| 11:11 | Priest Adept Training |
| 11:39 | Scout Tower |
| 11:42 | Bash |
| 11:47 | Rifleman |
| 11:50 | Guard Tower |
| 12:20 | Priest |
| 12:35 | Scout Tower |
| 12:55 | Scroll of Town Portal |
| 13:08 | Scout Tower |
| 13:09 | Guard Tower |
| 13:40 | Guard Tower |
| 13:42 | Scout Tower |
| 14:18 | Priest |
| 14:29 | Scout Tower |
| 14:32 | Guard Tower |
| 14:46 | Town Hall |
| 15:07 | Guard Tower |
| 15:16 | Scout Tower |
| 15:35 | Rifleman |
| 15:36 | Footman |
| 15:38 | Priest |
| 15:59 | Divine Shield |
| 16:18 | Guard Tower |
| 16:44 | Footman |
| 16:46 | Rifleman |
| Right click | 242 |
| Select | 234 |
| Build/train/purchase | 73 |
| Use ability | 18 |
| Chat | 7 |
29 units @ 4.1k
/ 0.5k
17 buildings @ 2.8k
/ 0.9k


| Rod of Necromancy | 2 | 300 |
| Orb of Corruption | 1 | 375 |
| Scroll of Town Portal | 1 | 350 |
| total: | 4 | 1025g |
| Acolyte | 10 | 750 | / | 0 |
| Ghoul | 8 | 960 | / | 0 |
| Crypt Fiend | 3 | 645 | / | 120 |
| Obsidian Statue | 2 | 400 | / | 70 |
| Abomination | 2 | 480 | / | 140 |
| Goblin Shredder | 1 | 375 | / | 100 |
| Forest Troll Shadow Priest | 2 | 390 | / | 20 |
| Mud Golem | 1 | 145 | / | 10 |
| total: | 29 | 4145g | / | 460w |
| Altar of Darkness | 1 | 180 | / | 50 |
| Ziggurat | 6 | 900 | / | 300 |
| Crypt | 1 | 200 | / | 50 |
| Tomb of Relics | 2 | 260 | / | 60 |
| Graveyard | 1 | 215 | / | 0 |
| Necropolis | 3 | 675 | / | 0 |
| Slaughterhouse | 2 | 280 | / | 270 |
| Sacrificial Pit | 1 | 75 | / | 150 |
| Halls of the Dead | 1 | 320 | / | 210 |
| Black Citadel | 1 | 325 | / | 230 |
| total: | 17 | 2785g | / | 880w |
| 0:03 | Altar of Darkness |
| 0:05 | Ziggurat |
| 0:07 | Acolyte |
| 0:08 | Acolyte |
| 0:32 | Acolyte |
| 0:42 | Crypt |
| 0:58 | Tomb of Relics |
| 1:45 | Ghoul |
| 1:46 | Ghoul |
| 1:53 | Graveyard |
| 2:03 | Rod of Necromancy |
| 2:09 | Death Coil |
| 2:23 | Ghoul |
| 2:26 | Ghoul |
| 2:49 | Halls of the Dead |
| 2:53 | Cannibalize |
| 3:27 | Ziggurat |
| 3:28 | Ziggurat |
| 3:33 | Unholy Aura |
| 4:24 | Unholy Armor |
| 5:16 | Breath of Fire |
| 5:26 | Black Citadel |
| 5:31 | Crypt Fiend |
| 6:29 | Crypt Fiend |
| 6:32 | Slaughterhouse |
| 7:31 | Crypt Fiend |
| 7:36 | Slaughterhouse |
| 7:39 | Obsidian Statue |
| 7:45 | Forest Troll Shadow Priest |
| 7:59 | Death Coil |
| 8:08 | Mud Golem |
| 8:22 | Ziggurat |
| 8:27 | Ghoul Frenzy |
| 8:43 | Orb of Corruption |
| 8:44 | Rod of Necromancy |
| 9:36 | Drunken Brawler |
| 9:44 | Goblin Shredder |
| 9:51 | Ghoul |
| 9:51 | Ghoul |
| 10:26 | Ghoul |
| 10:43 | Ghoul |
| 10:54 | Necropolis |
| 11:22 | Drunken Brawler |
| 11:52 | Unholy Aura |
| 12:02 | Acolyte |
| 12:40 | Necropolis |
| 12:41 | Necropolis |
| 13:34 | Breath of Fire |
| 13:42 | Sacrificial Pit |
| 13:43 | Acolyte |
| 13:55 | Abomination |
| 14:26 | Acolyte |
| 14:26 | Acolyte |
| 14:27 | Acolyte |
| 14:27 | Acolyte |
| 14:40 | Destroyer Form |
| 14:40 | Disease Cloud |
| 14:42 | Abomination |
| 14:42 | Obsidian Statue |
| 14:44 | Unholy Strength |
| 14:52 | Scroll of Town Portal |
| 15:18 | Forest Troll Shadow Priest |
| 15:51 | Death Coil |
| 16:49 | Acolyte |
| 16:50 | Ziggurat |
| 16:51 | Ziggurat |
| 16:52 | Tomb of Relics |
| 17:16 | Unholy Aura |
| Select group | 1166 |
| Right click | 655 |
| Select | 349 |
| Misc. action | 152 |
| Build/train/purchase | 69 |
| Use ability | 38 |
| Assign group | 27 |
| Item give/drop | 5 |
| Remove unit | 2 |
| Minimap ping | 1 |